 Dungeon Crawl Stone Soup version 0.31-a0-1388-g4b2ba23 (webtiles) character file.

Game seed: 3578203401696647433

65 Meow the Conjurer (level 4, 36/36 HPs)
             Began as a Naga Conjurer on Dec 24, 2023.
             Quit the game on level 2 of the Dungeon.
             The game lasted 00:03:38 (1929 turns).

Meow the Conjurer (Naga Conjurer)                   Turns: 1929, Time: 00:03:39

Health: 36/36      AC:  2    Str: 10    XL:     4   Next: 14%
Magic:  3/8        EV:  9    Int: 20    God:
Gold:   92         SH:  0    Dex:  9    Spells: 6/9 levels left

rFire   . . .        a - +0 dagger
rCold   . . .        (no shield)
rNeg    . . .        f - +0 robe
rPois   +            (no helmet)
rElec   .            (no cloak)
rCorr   .            (no gloves)
SInv    +            (no barding)
Will    .....        (no amulet)
Stlth   ++           (no ring)
HPRegen 0.26/turn    (no ring)
MPRegen 0.11/turn

%: no passive effects
@: short of breath, very slow
A: AC +1, large, see invisible, deformed body, poison resistance, slowness 2,
spit poison 1, naga tail 1
a: Spit Poison


You were on level 2 of the Dungeon.
You visited 1 branch of the dungeon, and saw 2 of its levels.

You collected 92 gold pieces.

Inventory:

Hand Weapons
 a - a +0 dagger (weapon)
 h - a +0 hand axe
Missiles
 c - 43 stones
 d - 14 poisoned darts
Armour
 f - a +0 robe (worn)
Scrolls
 e - a scroll of identify {unknown}
 i - a scroll of revelation {unknown}
Potions
 b - a potion of magic
 g - a potion of ambrosia {unknown}
 j - 2 potions of degeneration {unknown}


   Skills:
 - Level 1.5 Dodging
 - Level 3.0 Stealth
 + Level 3.1 Spellcasting
 + Level 4.8 Conjurations


You had 6 spell levels left.
You knew the following spells:

 Your Spells              Type           Power      Damage    Failure   Level
a - Magic Dart            Conj           88%        1d7       1%          1
b - Searing Ray           Conj           44%        2d6       3%          2

Your spell library contained the following spells:

 Spells                   Type           Power      Damage    Failure   Level
 Summon Small Mammal      Summ           12%        N/A       14%         1
 Call Canine Familiar     Summ           3%         N/A       38%         3
 Summon Guardian Golem    Hex/Summ       3%         N/A       38%         3
 Fulminant Prism          Conj/Alch      6%         3d6       45%         4
 Iskenderun's Mystic Bla  Conj/Tloc      12%        2d5       45%         4


Dungeon Overview and Level Annotations

Branches:
Dungeon (2/15)

Altars:


Innate Abilities, Weirdness & Mutations

Your serpentine skin is tough. (AC +1)
You have supernaturally acute eyesight. (SInv)
Armour fits poorly on your strangely shaped body.
Your system is resistant to poisons. (rPois)
You cover ground very slowly.
You can spit poison.
You have a snake-like lower body.


Message History

The ball python hisses angrily.
A ball python is nearby!
Aiming: Spit Poison (2% risk of failure)
Press: ? - help, Shift-Dir - straight line, f - ball python
Aim: a ball python (54% to hit)
The splash of poison misses the ball python.
Unknown command.
Casting: Searing Ray (safe; 3% risk of failure)
Confirm with . or Enter, or press ? or * to list all spells.
Aiming: Magic Dart (safe; 1% risk of failure)
Press: ? - help, Shift-Dir - straight line, f/p - ball python
Aim: a ball python (100% to hit)
The magic dart hits the ball python.
You kill the ball python!
Unknown command.
You have got your breath back.
An adder comes into view.
Aiming: Spit Poison (2% risk of failure)
Press: ? - help, Shift-Dir - straight line, f - adder
Aim: an adder (asleep, 100% to hit)
The splash of poison hits the adder.
The adder is poisoned.
The adder is heavily wounded.
The adder hisses angrily.
Unknown command.
Casting: Magic Dart (safe; 1% risk of failure)
Confirm with . or Enter, or press ? or * to list all spells.
Aiming: Searing Ray (safe; 3% risk of failure)
Press: ? - help, Shift-Dir - straight line, f/p - adder
Aim: an adder (severely wounded, poisoned, 63% to hit)
The searing ray hits the adder.
The adder is severely wounded. (Press . to maintain the ray.) Unknown command.
The searing ray misses the adder.
The adder barely misses you.
An adder is nearby!
The searing ray hits the adder.
You kill the adder!
You have reached level 4!
You feel stronger.
Are you sure you want to abandon this character and quit the game? (Confirm with "yes".)

####### #@....#
### #######.###.#
..# ### ##.......#
#.###.###...####.#
#.##........# #...
........#...#
###.#
#.##...###### .#
#.###.## # #.# #.#


There were no monsters in sight!

Vanquished Creatures
  2 adders (D:2)
  4 dart slugs
  6 endoplasms
  A giant cockroach (D:1)
  5 goblins
  4 hobgoblins
  2 kobolds
  A quokka (D:1)
  4 ball pythons
  3 bats
  3 frilled lizards (D:1)
  3 rats
38 creatures vanquished.

Notes
Turn   | Place    | Note
-------+----------+-------------------------------------------
     0 | D:1      | Meow the Naga Conjurer began the quest for the Orb.
     0 | D:1      | Reached XP level 1. HP: 15/15 MP: 3/3
   207 | D:1      | Reached XP level 2. HP: 20/22 MP: 1/5
   210 | D:1      | Learned a level 2 spell: Searing Ray
   964 | D:1      | Reached XP level 3. HP: 28/28 MP: 1/6
  1929 | D:2      | Reached XP level 4. HP: 36/36 MP: 3/8
  1929 | D:2      | Quit the game

Illustrated notes

Levels and vault maps discovered:
D:1:      dpeg_arrival_water_temple_mockup, layout_loops_ring,
          wander_ebering_terrifying_dragon_lair
D:2:      layout_loops_corners, uniq_crazy_yiuf_cottage

Skill      XL: |  1  2  3 |
---------------+----------+-----
Spellcasting   | 3 |  3.1
Dodging        | |  1.5
Stealth        | |  3.0
Conjurations   | |  4.8

Action                     |  1- 3 |  4- 6 || total
---------------------------+-------+-------++-------
  Melee: Dagger            |     3 |       ||     3
   Cast: Magic Dart        |    41 |       ||    41
         Searing Ray       |     5 |       ||     5
Ability: Spit Poison       |    31 |       ||    31
 Armour: Robe              |    15 |       ||    15
  Dodge: Dodged            |     4 |       ||     4

Table legend: (Time is in decaauts)
 A = Elapsed time spent in this place.
 B = Non-inter-level travel time spent in this place.
 C = Inter-level travel time spent in this place.
 D = Time resting spent in this place.
 E = Time spent auto-exploring this place.
 F = Levels seen in this place.
 G = Mean time per level.
                   A        B        C        D        E       F      G
               +--------+--------+--------+--------+--------+-----+--------+
         Total |   2448 |   2426 |     22 |    495 |   1706 |   2 | 1224.0 |
       Dungeon |   2448 |   2426 |     22 |    495 |   1706 |   2 | 1224.0 |
               +--------+--------+--------+--------+--------+-----+--------+

Top non-repeatable levels by time:
     D:1: 1610 daAuts
     D:2: 837 daAuts
